 Dungeon Crawl Stone Soup version 0.28-a0-199-g298df9dbad (webtiles) character file.

Game seed: 14450462856246480512

422 gruber the Magician (level 7, -10/45 HPs)
             Began as a Djinni Ice Elementalist on Aug 19, 2021.
             Mangled by a wight (14 damage)
             ... on level 5 of the Dungeon.
             The game lasted 00:04:08 (4166 turns).

gruber the Magician (Djinni Ice Elementalist)       Turns: 4166, Time: 00:04:08

Health: -10/45     AC:  3    Str:  7    XL:     7   Next: 17%
Gold:   51         EV: 12    Int: 19    God:
                   SH:  0    Dex: 13

rFire   + + .      SeeInvis .   h - +3 dagger
rCold   x . .      Faith    .   (no shield)
rNeg    . . .      Spirit   .   a - +0 robe
rPois   ∞          Reflect  .   (no helmet)
rElec   .          Harm     .   (no cloak)
rCorr   .          Rampage  .   i - +0 pair of gloves
Will    .....                   (boots unavailable)
Stlth   ++........              (no amulet)
HPRegen 0.15/turn               (no ring)
MPRegen 0.00/turn               (no ring)

@: flying
A: sickness immunity, fire resistance 2, cold vulnerability 1, float, innate
caster, hp casting, extra vitality 1
a: no special abilities


You were on level 5 of the Dungeon.
You visited 1 branch of the dungeon, and saw 4 of its levels.

You collected 51 gold pieces.

Inventory:

Hand Weapons
 h - a +3 dagger (weapon)
Missiles
 l - 22 poisoned darts
Armour
 a - a +0 robe (worn)
 i - a +0 pair of gloves (worn)
 o - a +1 hat
Jewellery
 k - an amulet of the acrobat
Wands
 m - a wand of flame (12)
Scrolls
 b - a scroll of amnesia {unknown}
 c - 2 scrolls of identify {unknown}
 n - a scroll of silence {unknown}
Potions
 d - 2 potions of curing {unknown}
 e - a potion of mutation {unknown}
 f - a potion of might {unknown}
 g - a potion of berserk rage {unknown}
 j - 2 potions of brilliance {unknown}


   Skills:
 + Level 0.8 Throwing
 - Level 2.1 Dodging
 - Level 1.5 Stealth
 + Level 6.2 Spellcasting


You had 2 spell levels left.
You knew the following spells:

 Your Spells              Type           Power      Damage    Failure   Level
a - Freeze                Ice            100%       1d11      1%          1
b - Frozen Ramparts       Ice            58%        1d7       2%          3
c - Ozocubu's Armour      Ice            29%        N/A       2%          3
d - Hailstorm             Conj/Ice       29%        3d8       9%          4
e - Pain                  Necr           100%       1d9       1%          1
f - Blink                 Tloc           N/A        N/A       1%          2
g - Corpse Rot            Necr/Air       N/A        N/A       1%          2
Your spell library was empty.

Dungeon Overview and Level Annotations

Branches:
Dungeon (3/15)

Altars:
Gozag
Kikubaaqudgha
Sif Muna
Vehumet

Shops:
D:3 =


Innate Abilities, Weirdness & Mutations

You are immune to sickness and miasma.
You are immune to poison.
Your flesh is very heat resistant. (rF++)
You are vulnerable to cold. (rC-)
You float through the air rather than walking.
You learn spells naturally, not from books.
Your magical power is your life essence.
You have superior vitality. (+4 HP)


Message History

Press: ? - help, Dir - look around, f - activate You miscast Hailstorm.
You are very lightly contaminated with residual magic.
Nothing appears to happen.
* * * LOW HITPOINT WARNING * * *
The wight barely misses you.
Unknown command.
Unknown command.
Casting: Hailstorm (quite dangerous; 9% risk of failure)
Confirm with . or Enter, or press ? or * to list all spells.
The spell is quite dangerous to cast (9% risk of failure)!
Continue anyway?
Casting: Hailstorm (quite dangerous; 9% risk of failure)
Press: ? - help, Dir - look around, f - activate You miscast Hailstorm.
Nothing appears to happen.
* * * LOW HITPOINT WARNING * * *
The wight hits you from afar with a +3 spear!
* * * LOW HITPOINT WARNING * * *
Unknown command.
Unknown command.
Unknown command.
Casting: Hailstorm (quite dangerous; 9% risk of failure)
Confirm with . or Enter, or press ? or * to list all spells.
Okay, then.
Unknown command.
Unknown command.
Found a stone staircase leading down.
Found 28 stones.
A jelly comes into view.
A centaur skeleton comes into view.
Your magical contamination has completely faded away.
Casting: Hailstorm (quite dangerous; 9% risk of failure)
Confirm with . or Enter, or press ? or * to list all spells.
You blink.
* * * LOW HITPOINT WARNING * * *
Casting: Blink (safe; 1% risk of failure)
Confirm with . or Enter, or press ? or * to list all spells.
You don't have enough health to cast this spell.
There are monsters nearby!
The wight hits you from afar with a +3 spear!
You die...

#......# ......##
#..... .....##
#..(..# ....[#
#...... .....##
#.....#J
###...####..>....
##....##.#...#
##..........###
##.......Zz.@#
##......z.###
###....#.#
#.......#
##.P._?P.#
#........#
#.#.....###
....####.# ...##.
###


You could see 2 wights and a centaur skeleton.

Vanquished Creatures
  Sigmund (D:3)
  3 wights (D:5)
  An orc priest (D:3)
  An adder (D:3)
  A white imp (D:5)
  A dart slug (D:2)
  10 orcs
  9 ball pythons
  2 bats (D:1)
  4 endoplasms
  2 giant cockroaches
  4 hobgoblins
  9 jackals
  2 quokkas (D:1)
  8 goblins
  7 kobolds
  7 rats
72 creatures vanquished.

Notes
Turn   | Place    | Note
-------+----------+-------------------------------------------
     0 | D:1      | gruber the Djinni Ice Elementalist began the quest for the
                  | Orb.
     0 | D:1      | Reached XP level 1. HP: 15/15 MP: 0/0
   118 | D:1      | Reached XP level 2. HP: 9/21 MP: 0/0
   749 | D:1      | Reached XP level 3. HP: 21/25 MP: 0/0
   749 | D:1      | Learned a level 1 spell: Pain
  1027 | D:1      | Reached skill level 4 in Spellcasting
  1887 | D:2      | Reached XP level 4. HP: 28/31 MP: 0/0
  2528 | D:2      | Found a faded altar of an unknown god.
  3044 | D:3      | Found Jische Siexze's Jewellery Emporium.
  3079 | D:3      | Found an opulent altar of Gozag.
  3322 | D:3      | Noticed Sigmund
  3334 | D:3      | Killed Sigmund
  3335 | D:3      | Reached skill level 5 in Spellcasting
  3335 | D:3      | Reached XP level 5. HP: 9/35 MP: 0/0
  3335 | D:3      | Learned a level 2 spell: Blink
  3335 | D:3      | Reached XP level 6. HP: 10/40 MP: 0/0
  4098 | D:3      | You are sucked into a shaft and drop 2 floors!
  4098 | D:5      | Entered Level 5 of the Dungeon
  4129 | D:5      | Reached skill level 6 in Spellcasting
  4129 | D:5      | Reached XP level 7. HP: 33/45 MP: 0/0
  4129 | D:5      | Learned a level 2 spell: Corpse Rot
  4145 | D:5      | HP: 2/45 [wight (7)]
  4166 | D:5      | Mangled by a wight

Illustrated notes

Levels and vault maps discovered:
D:1:      minmay_arrival_three_doors, layout_basic
D:2:      layout_loops_corners, chequers_ecumenical_altar_island
D:3:      layout_rooms, nicolae_overflow_crystal_walls, marbit_many_paths,
          vehumet_altar_wand_db, serial_shops, nicolae_shop_crystal,
          uniq_sigmund
D:5:      layout_layer_cave, mainiacjoe_overflow_tiny_flanked,
          minmay_misc_feat_cross, hangedman_decor_riveting

Skill      XL: |  1  2  3  4  5  6 |
---------------+-------------------+-----
Spellcasting   | 4 5 6 |  6.2
Throwing       | |  0.8
Dodging        | |  2.1
Stealth        | |  1.5

Action                   |  1- 3 |  4- 6 |  7- 9 || total
-------------------------+-------+-------+-------++-------
Melee: Short sword       |     4 |       |       ||     4
       Unarmed           |     1 |       |       ||     1
       Trident           |    22 |     8 |       ||    30
       Dagger            |       |    43 |       ||    43
Throw: Dart              |       |     7 |       ||     7
 Cast: Freeze            |    42 |    10 |       ||    52
       Frozen Ramparts   |     2 |     6 |       ||     8
       Hailstorm         |       |     2 |     4 ||     6
       Blink             |       |       |     2 ||     2
 Stab: Sleeping          |     2 |     2 |       ||     4
Armor: Robe              |     9 |    13 |       ||    22
Dodge: Dodged            |    43 |    36 |     1 ||    80

Table legend: (Time is in decaauts)
 A = Elapsed time spent in this place.
 B = Non-inter-level travel time spent in this place.
 C = Inter-level travel time spent in this place.
 D = Time resting spent in this place.
 E = Time spent auto-exploring this place.
 F = Levels seen in this place.
 G = Mean time per level.
                   A        B        C        D        E       F      G
               +--------+--------+--------+--------+--------+-----+--------+
         Total |   4173 |   4071 |    102 |    467 |   3125 |   4 | 1043.2 |
       Dungeon |   4173 |   4071 |    102 |    467 |   3125 |   4 | 1043.2 |
               +--------+--------+--------+--------+--------+-----+--------+

Top non-repeatable levels by time:
     D:1: 1650 daAuts
     D:3: 1328 daAuts
     D:2: 1126 daAuts
     D:5: 67 daAuts
